 Dungeon Crawl Stone Soup version 0.30-a0-591-g3c58d2bc28 (webtiles) character file.

Game seed: 10824162842223699831

1110 omnomnOMINOUS the Poker (level 8, -1/54 HPs)
             Began as an Octopode Wanderer on Jan 5, 2023.
             Was an Initiate of the Shining One.
             Slain by a kobold
             ... wielding a +0 whip
              (3 damage)
             ... in a sewer.
             The game lasted 00:15:54 (4296 turns).

omnomnOMINOUS the Poker (Octopode Wanderer)         Turns: 4296, Time: 00:15:55

Health: -1/54      AC:  2    Str: 10 (11) XL:     8   Next: 33%
Magic:  14/14      EV: 14    Int: 14 (15) God:    the Shining One [......]
Gold:   240        SH:  0    Dex: 12 (13) Spells: 7/15 levels left

rFire   . . .      SeeInvis .    a - +0 spear
rCold   . . .      Faith    .    (no shield)
rNeg    . . .      Spirit   .    m - +1 hat
rPois   .          Reflect  .    (no amulet)
rElec   .          Harm     .    b - ring of willpower
rCorr   .          Rampage  .    (no ring)
Will    .....                    (no ring)
Stlth   +                        (no ring)
HPRegen 0.29/turn                (no ring)
MPRegen 0.14/turn                (no ring)
                                 (no ring)
                                 (no ring)

@: weak-willed, slowed, glowing, very slow
A: almost no armour, amphibious, 8 rings, camouflage 1, gelatinous body 1,
(nimble swimmer 1), tentacles
a: Renounce Religion


You were in a sewer.
You worshipped the Shining One.
The Shining One was noncommittal.
You visited 2 branches of the dungeon, and saw 6 of its levels.
You also visited: Sewer.

You collected 240 gold pieces.

Inventory:

Hand Weapons
 a - a +0 spear (weapon)
 d - the +1 flail of Disembowelment {freeze, rCorr Str-2 Stlth+}
   (You found it on level 5 of the Dungeon)

   Str:       It affects your strength (-2).
   rCorr:     It protects you from acid and corrosion.
   Stlth:     It makes you more stealthy.
 l - a +1 hand axe of distortion
 r - a +0 quarterstaff
 s - a +0 falchion of freezing
Armour
 i - a +0 kite shield
 m - a +1 hat (worn)
Jewellery
 b - a ring of willpower (left tentacle)
Wands
 k - a wand of flame (11)
Scrolls
 h - a scroll of acquirement {unknown}
 j - 4 scrolls of identify {unknown}
 n - a scroll of amnesia {unknown}
 o - 2 scrolls of teleportation {unknown}
 p - a scroll of torment {unknown}
 q - a scroll of enchant armour {unknown}
 t - a scroll of immolation {unknown}


   Skills:
 + Level 4.5 Fighting
 + Level 5.6 Polearms
 - Level 1.0 Throwing
 + Level 4.4 Dodging
 - Level 2.6 Stealth
 - Level 4.0 Spellcasting
 + Level 1.1 Conjurations
 - Level 2.0 Translocations
 + Level 1.1 Earth Magic
 - Level 1.0 Invocations


You had 7 spell levels left.
You knew the following spells:

 Your Spells              Type           Power      Damage    Failure   Level
a - Apportation           Tloc           16%        N/A       9%          1
b - Blink                 Tloc           16%        N/A       13%         2
c - Passwall              Tmut/Erth      3%         N/A       24%         2
d - Stone Arrow           Conj/Erth      10%        3d7       36%         3

Your spell library contained the following spells:

 Spells                   Type           Power      Damage    Failure   Level
 Sandblast                Erth           10%        2d5       12%         1
 Slow                     Hex            8%         N/A       19%         1
 Ensorcelled Hibernation  Hex/Ice        4%         N/A       28%         2
 Vhi's Electric Charge    Tloc/Air       10%        N/A       36%         3
 Confusing Touch          Hex            2%         N/A       50%         3
 Inner Flame              Hex/Fire       2%         N/A       50%         3
 Swiftness                Air            2%         N/A       50%         3
 Vampiric Draining        Necr           2%         2d6       50%         3
 Cause Fear               Hex            1%         N/A       88%         4
 Discord                  Hex            1%         N/A       100%        8


Dungeon Overview and Level Annotations

Branches:
Dungeon (5/15)             Temple (1/1) D:4           Sewer (1/1)

Altars:
Dithmenos
Gozag
Kikubaaqudgha
Makhleb
Qazlal
Sif Muna
Xom
The Shining One


Innate Abilities, Weirdness & Mutations

You cannot wear most types of armour.
You are amphibious.
You can wear up to eight rings at the same time.
Your skin changes colour to match your surroundings (Stealth+).
Your rubbery body absorbs attacks. (AC +1, EV +1)
((You are camouflaged when in or above water. (Stealth+)))
You have tentacles for arms and can constrict up to eight enemies at once.


Message History

You are no longer poisoned.
The kobold closely misses you. The kobold brigand closely misses you.
You hit the kobold brigand but do no damage.
You grab the kobold brigand. You squeeze the kobold brigand!
The kobold brigand is moderately wounded.
You constrict the kobold brigand. The kobold hits you with a +0 whip.
The kobold brigand hits you with a +0 short sword.
The kobold hits you with a +0 whip.
The kobold brigand closely misses you. x2
You barely miss the kobold brigand. Your grab misses the kobold brigand.
Your squeeze misses the kobold brigand. You constrict the kobold brigand.
The kobold hits you but does no damage.
The kobold brigand hits you with a +0 club.
The kobold brigand misses you.
You hit the kobold brigand. Your grab misses the kobold brigand.
The kobold brigand is lightly wounded.
You constrict the kobold brigand. The kobold closely misses you.
The kobold brigand closely misses you. The kobold brigand misses you.
You hit the kobold brigand. You grab the kobold brigand.
The kobold brigand is lightly wounded.
You constrict the kobold brigand. x2; The kobold hits you with a +0 whip.
The kobold brigand hits you with a +0 club.
The kobold brigand hits you with a +0 short sword!
* * * LOW HITPOINT WARNING * * *
You hit the kobold brigand but do no damage.
The kobold brigand is severely wounded.
You constrict the kobold brigand. x2; The kobold closely misses you.
The kobold brigand completely misses you.
The kobold brigand misses you.
The kobold brigand hits you with a +0 club.
* * * LOW HITPOINT WARNING * * *
The kobold hits you with a +0 whip.
* * * LOW HITPOINT WARNING * * *
The kobold brigand hits you with a +0 short sword!
* * * LOW HITPOINT WARNING * * *
As you read the scroll labelled BAPLAL AJEFF, it crumbles to dust.
Magic quickly surges around you.
It was a scroll of vulnerability.
You constrict the kobold brigand.
You kill the kobold brigand!
You constrict the kobold brigand. The kobold hits you with a +0 whip.
You die...

#∩∩.#~≈~#
#...'~~~#
######~≈~#
#...?#~≈~#
#..∩.#~≈~#
#?...#~≈~#
!KK!#~≈~#
##KK##~~~#
#P@).#~≈~#
###...~#~≈~#
#....~~~~≈~#
##...P~~~≈~#
##...~~#~≈~#
#....~~#~~~#
#...P..#~≈~#
#.†....#~≈~~~
#......#~≈~~~~


You could see a kobold brigand (weak-willed) and 3 kobolds.

Vanquished Creatures
  Grinder (D:3)
  Sigmund (D:2)
  2 ogres (D:4)
  A kobold brigand (Sewer)
  A scorpion (D:4)
  A necrophage (D:4)
  A gnoll bouda (D:4)
  An iguana (D:3)
  Natasha (thrice) (D:2)
  Terence (D:2)
  5 adders
  17 gnolls
  A worm (D:4)
  3 orcs
  3 ball pythons
  9 endoplasms
  4 giant cockroaches
  13 goblins
  9 hobgoblins
  4 jackals (D:4)
  4 quokkas
  10 bats
  8 frilled lizards
  6 kobolds
  5 rats
114 creatures vanquished.

Notes
Turn   | Place    | Note
-------+----------+-------------------------------------------
     0 | D:1      | omnomnOMINOUS the Octopode Wanderer began the quest for the
                  | Orb.
     0 | D:1      | omnomnOMINOUS set off with the following items: a +0 spear,
                  | a +0 hat, a potion of heal wounds; and the following spell
                  | memorised: Apportation; and the following spells available
                  | to memorise: Blink, Vhi's Electric Charge.
     0 | D:1      | Reached XP level 1. HP: 13/13 MP: 2/2
   110 | D:1      | Reached XP level 2. HP: 11/18 MP: 3/3
   212 | D:1      | Reached skill level 1 in Dodging
   236 | D:2      | Reached XP level 3. HP: 9/23 MP: 5/5
   868 | D:2      | Noticed Sigmund
   891 | D:2      | Killed Sigmund
   892 | D:2      | Reached skill level 4 in Polearms
   892 | D:2      | Reached XP level 4. HP: 17/30 MP: 5/7
   892 | D:2      | Reached XP level 5. HP: 21/36 MP: 5/8
  1004 | D:2      | Noticed Terence
  1018 | D:2      | Killed Terence
  1019 | D:2      | Reached XP level 6. HP: 9/42 MP: 8/10
  1560 | D:2      | Noticed Natasha
  1568 | D:2      | Killed Natasha
  1746 | D:2      | Noticed Natasha
  1755 | D:2      | Killed Natasha
  1804 | D:2      | Noticed Natasha
  1811 | D:2      | Killed Natasha
  1965 | D:3      | Noticed Grinder
  2026 | D:3      | Learned a level 2 spell: Blink
  2029 | D:3      | Learned a level 2 spell: Passwall
  2327 | D:3      | Killed Grinder
  2328 | D:3      | Reached XP level 7. HP: 38/47 MP: 10/12
  2696 | D:3      | Found a burning altar of Makhleb.
  2785 | D:4      | Reached skill level 5 in Polearms
  3150 | D:4      | Found a staircase to the Ecumenical Temple.
  3157 | Temple   | Entered the Ecumenical Temple
  3223 | Temple   | Became a worshipper of the Shining One
  3578 | D:4      | Reached XP level 8. HP: 27/54 MP: 13/13
  3599 | D:4      | Reached skill level 1 in Invocations
  3723 | D:4      | Found an ancient bone altar of Kikubaaqudgha.
  3756 | D:4      | Learned a level 3 spell: Stone Arrow
  3823 | D:4      | The Shining One protects you from harm!
  4203 | D:4      | Reached skill level 1 in Conjurations
  4203 | D:4      | Reached skill level 1 in Earth Magic
  4228 | D:5      | Entered Level 5 of the Dungeon
  4241 | D:5      | Found a glowing drain.
  4251 | D:5      | Identified the +1 flail of Disembowelment {freeze, rCorr
                  | Str-2 Stlth+}
  4261 | Sewer    | Entered a sewer
  4295 | Sewer    | HP: 1/54 [kobold brigand/+0 short sword (7)]
  4296 | Sewer    | Slain by a kobold

Illustrated notes

Levels and vault maps discovered:
D:1:      lemuel_arrival_river_bridge, layout_basic, minmay_tromino_mix6
D:2:      layout_basic, uniq_natasha, uniq_sigmund, uniq_terence
D:3:      layout_basic, lightli_temple_of_fire, uniq_grinder
D:4:      layout_rooms, mainiacjoe_overflow_tiny_flanked,
          minmay_temple_entry_offerings, nicolae_kite_square_tiling_tiny,
          hangedman_abyss_or_decor_stabs
D:5:      layout_loops_corners, mainiacjoe_overflow_boulevard,
          nicolae_uskayaw_en_pointe, mainiacjoe_overflow_catwalk_spiral,
          portal_sewer_entry_e, uniq_pikel
Temple:   nicolae_temple_ecumenical_triangle
Sewer:    kennysheep_pipe_town

Skill      XL: |  1  2  3  4  5  6  7  8 |
---------------+-------------------------+-----
Dodging        | 1 2 3 4 |  4.4
Fighting       | 2 3 4 |  4.5
Polearms       | 4 5 |  5.6
Spellcasting   | 2 3 4 |  4.0
Invocations    | 1 |  1.0
Conjurations   | 1 |  1.1
Earth Magic    | 1 |  1.1
Throwing       | |  1.0
Stealth        | |  2.6
Translocations | |  2.0

Action                   |  1- 3 |  4- 6 |  7- 9 || total
-------------------------+-------+-------+-------++-------
Melee: Spear             |   101 |   107 |   196 ||   404
       Constrict         |    21 |    16 |    33 ||    70
       Tentacles         |    12 |    18 |    42 ||    72
       Punch             |       |       |     3 ||     3
Evoke: Wand              |       |       |     1 ||     1
  Use: Potion            |     2 |     1 |     3 ||     6
       Scroll            |       |       |     4 ||     4
 Stab: Sleeping          |     5 |     8 |     5 ||    18
       Distracted        |     2 |       |       ||     2
Armor: Skin              |     4 |     3 |    13 ||    20
Dodge: Dodged            |    54 |    35 |   105 ||   194

Table legend: (Time is in decaauts)
 A = Elapsed time spent in this place.
 B = Non-inter-level travel time spent in this place.
 C = Inter-level travel time spent in this place.
 D = Time resting spent in this place.
 E = Time spent auto-exploring this place.
 F = Levels seen in this place.
 G = Mean time per level.
                   A        B        C        D        E       F      G
               +--------+--------+--------+--------+--------+-----+--------+
         Total |   4279 |   4133 |    146 |    863 |   2287 |   7 |  611.3 |
       Dungeon |   4170 |   4030 |    140 |    863 |   2239 |   5 |  834.0 |
        Temple |     73 |     67 |      6 |      0 |     33 |   1 |   73.0 |
         Sewer |     35 |     35 |      0 |      0 |     15 |   1 |   35.0 |
               +--------+--------+--------+--------+--------+-----+--------+

Top non-repeatable levels by time:
     D:3: 1385 daAuts
     D:2: 1211 daAuts
     D:4: 853 daAuts
     D:1: 687 daAuts
  Temple: 73 daAuts
   Sewer: 35 daAuts
     D:5: 32 daAuts
